 Dungeon Crawl Stone Soup version 0.18.1-48-g4cf74bf (webtiles) character file.

79 tyranidshit the Grave Robber (level 4, 0/42 HPs)
             Began as a Deep Dwarf Necromancer on July 22, 2016.
             Slain by a gnoll
             ... wielding a +0 halberd
              (7 damage)
             ... on level 2 of the Dungeon.
             The game lasted 00:03:34 (950 turns).

tyranidshit the Grave Robber (DDNe)                  Turns: 950, Time: 00:03:35

Health: 0/42       AC: 13    Str: 13    XL:     4   Next: 17%
Magic:  6/6        EV:  5    Int: 15    God:
Gold:   105        SH:  0    Dex: 13    Spells: 1 memorised, 5 levels left

rFire  . . .     SeeInvis .     e - +2 dagger (speed)
rCold  . . .     Gourm    .     h - +0 plate armour
rNeg   . . .     Faith    .     (no shield)
rPois  .         Spirit   .     (no helmet)
rElec  .         Dismiss  .     (no cloak)
rCorr  .         Reflect  .     (no gloves)
SustAt .         Harm     .     (no boots)
MR     .....                    (no amulet)
Stlth  ..........               j - +2 ring of evasion
                                o - +3 ring of protection

@: non-regenerating, not resistant to hostile enchantments, extremely unstealthy
A: damage resistance, recharge devices, sense surroundings 1, slow regeneration
3
a: Device Recharging


You were on level 2 of the Dungeon.
You were hungry.

You visited 1 branch of the dungeon, and saw 2 of its levels.

You collected 105 gold pieces.

Inventory:

Hand Weapons
 e - a +2 dagger of speed (weapon)
Armour
 h - a +0 plate armour (worn)
Jewellery
 j - a +2 ring of evasion (right hand)
 m - an uncursed ring of ice
 o - a +3 ring of protection (left hand)
Wands
 c - a wand of heal wounds (4/9)
Scrolls
 f - 2 scrolls of identify
 g - 2 scrolls of remove curse
Potions
 i - 2 potions of brilliance {unknown}
 l - a potion of magic {unknown}
Books
 b - a book of Necromancy

   Spells                             Type                      Level
   a - Pain                           Necromancy                   1
   b - Animate Skeleton               Necromancy                   1
   c - Vampiric Draining              Necromancy                   3
   d - Regeneration                   Charms/Necromancy            3
   e - Animate Dead                   Necromancy                   4
   f - Control Undead                 Necromancy                   4
Comestibles
 a - a meat ration
 d - 2 bread rations


   Skills:
 + Level 3.4 Fighting
 - Level 2.1 Dodging
 - Level 2.4 Stealth
 - Level 1.7 Spellcasting
 - Level 4.3 Necromancy


You had 5 spell levels left.
You knew the following spells:

 Your Spells              Type           Power        Failure   Level  Hunger
a - Pain                  Necr           ##..         100%        1    ##.....


Dungeon Overview and Level Annotations

Branches:
Dungeon (2/15)

Altars:


Innate Abilities, Weirdness & Mutations

You are resistant to damage.
You can recharge devices by infusing magical energy.
You passively map a small area around you.
You do not regenerate naturally.


Message History

The gnoll hits you with a spear.
* * * LOW HITPOINT WARNING * * *
The gnoll hits you but does no damage.
You barely miss the gnoll.
The gnoll is lightly wounded.
The gnoll hits you but does no damage.
Your plate armour prevents you from hitting the gnoll.
The gnoll is lightly wounded.
The gnoll hits you but does no damage.
You hit the gnoll but do no damage.
The gnoll is lightly wounded.
The gnoll barely misses you.
You hit the gnoll.
The gnoll is moderately wounded.
The gnoll hits you but does no damage. The gnoll hits you with a spear.
* * * LOW HITPOINT WARNING * * *
You hit the gnoll but do no damage.
The gnoll is moderately wounded.
The gnoll hits you from afar with a halberd!
You die...

.....§#.§§.#.#,,,,..,,,,,,**,***,
.....§##.§.<.#,*#..,,,,,,,**,* *,
.....§§§§§.###,##.###,,,,,**,***,
.#...§####.#####....#,,,,,**,,,,,
.#..§.# #.....#....##*********,*
.#....# #####.#.....#* ***,
......# #.#S.....* *,,, ......#
****#.######## *,*,
..>..##***,,,#..@gg...### *,**
##.###,,*,,,*#######(...# *,*
,..#**,***,,*,*,,*#.#)..## *,*
*#..,,,,*,,,,,,,,..g#....# *,*
#..)**,*,,,,,#.....(..#.#****,**
#..##*,*,,,,,#..#####.#...,,,,**
*#..# *,*,,,,....,,,,,.#*###*****
**,,* *,*,,,,.##******## ***,
,,,,* *,*****,* **,


You could see 2 gnolls and an adder.

Vanquished Creatures
  2 gnolls (D:2)
  An adder (D:2)
  A dart slug (D:1)
  6 giant geckos
  2 bats (D:1)
  A giant cockroach (D:1)
  5 goblins (D:1)
  5 hobgoblins
  6 jackals (D:1)
  2 giant newts (D:1)
  7 kobolds
  2 rats (D:1)
40 creatures vanquished.

Notes
Turn   | Place    | Note
--------------------------------------------------------------
     0 | D:1      | tyranidshit the Deep Dwarf Necromancer began the quest for the Orb.
     0 | D:1      | Reached XP level 1. HP: 15/15 MP: 3/3
    61 | D:1      | Reached skill level 1 in Fighting
   159 | D:1      | Reached XP level 2. HP: 22/25 MP: 4/4
   515 | D:1      | Reached XP level 3. HP: 25/33 MP: 5/5
   932 | D:2      | Reached XP level 4. HP: 10/42 MP: 6/6
   950 | D:2      | Slain by a gnoll

Skill      XL: |  1  2  3 |
---------------+----------+-----
Fighting       | 1 2 3 |  3.4
Dodging        | |  2.1
Stealth        | |  2.4
Spellcasting   | |  1.7
Necromancy     | |  4.3

Action                   |  1- 3 |  4- 6 || total
-------------------------+-------+-------++-------
Melee: Dagger            |   204 |    16 ||   220
 Cast: Pain              |     7 |       ||     7
Evoke: Wand              |       |     1 ||     1
  Use: Scroll            |     5 |       ||     5
Armor: Plate armour      |   206 |    11 ||   217
Dodge: Dodged            |    31 |     4 ||    35
